Vancouver Canucks vs Arizona Coyotes
Created - Friday, December 15, 2023 at 07:26
Goals
|
| Vancouver Canucks |
2 |
0 |
2 |
4 |
| Arizona Coyotes |
0 |
0 |
2 |
2 |
|
Shots
|
| Vancouver Canucks |
11 |
11 |
12 |
34 |
| Arizona Coyotes |
16 |
10 |
18 |
44 |
|
1st period
1. Vancouver Canucks , Artturi Lehkonen 33 (Robby Fabbri 23, Joonas Korpisalo) at 7:37
2. Vancouver Canucks , Aleksander Barkov 12 (Mikko Rantanen 53) at 7:51
Penalties :
No Penalty
2nd period
No Goal
Penalties :
Robby Fabbri (VAN) for High sticking (Minor) at 7:39, Miro Heiskanen (VAN) for Holding (Minor) at 12:06, Claude Giroux (AZC) for Roughing (Minor) at 12:12, Jani Hakanpaa (AZC) for Tripping (Minor) at 13:43, Jani Hakanpaa (AZC) for Tripping (Minor) at 19:59
3rd period
3. Vancouver Canucks , Clayton Keller 42 (Mikko Rantanen 54, Jesperi Kotkaniemi 35) at 1:15 (PP)
4. Vancouver Canucks , Casey Mittelstadt 16 (Jesperi Kotkaniemi 36, Adam Boqvist 16) at 4:02
5. Arizona Coyotes , Charlie Coyle 15 (Mats Zuccarello 63, Carter Hart) at 8:32
6. Arizona Coyotes , Erik Haula 15 (T.J. Oshie 24) at 9:05
Penalties :
Olli Maatta (VAN) for Interference (Minor) at 11:46, Matt Dumba (AZC) for Hooking (Minor) at 16:26
Goalie Stats
Joonas Korpisalo (VAN), 42 saves from 44 shots - (0.955), W, 25-14-4, 60:00 minutes
Carter Hart (AZC), 30 saves from 34 shots - (0.882), L, 29-26-5, 60:00 minutes
Players Stats for Vancouver Canucks
Player Name G A P +/- PIM S H SB GA TA FO MP PP MP PK MP
------------------------------------------------------------------------------------
Adam Boqvist 0 1 1 0 0 3 2 1 0 2 0/0 21:06 0:00 2:02
Aleksander Barkov 1 0 1 2 0 3 0 0 0 0 11/23 15:44 0:00 0:00
Anton Lundell 0 0 0 0 0 7 1 0 0 0 1/1 11:42 1:35 0:58
Artturi Lehkonen 1 0 1 -2 0 2 1 0 0 0 0/2 18:35 1:35 2:11
Casey Mittelstadt 1 0 1 1 0 4 0 1 0 0 1/1 13:36 1:35 1:32
Clayton Keller 1 0 1 2 0 3 0 1 0 0 2/4 20:07 3:11 0:00
Jacob Bryson 0 0 0 1 0 0 0 1 0 0 0/0 12:53 0:00 0:00
Jake Bean 0 0 0 1 0 1 0 0 0 0 0/0 20:14 3:24 1:13
Jesperi Kotkaniemi 0 2 2 1 0 2 3 0 1 0 3/6 13:00 2:40 0:00
Kasperi Kapanen 0 0 0 -2 0 0 3 1 0 1 0/0 15:39 0:32 0:00
Mikko Rantanen 0 2 2 2 0 5 5 0 2 0 1/2 21:33 3:11 1:16
Miro Heiskanen 0 0 0 -1 2 0 1 0 0 0 0/0 26:18 3:24 1:00
Noah Cates 0 0 0 0 0 0 0 0 0 0 1/5 7:41 0:00 0:00
Noah Hanifin 0 0 0 0 0 0 1 1 0 0 0/0 23:10 1:33 2:33
Olli Maatta 0 0 0 1 2 0 0 3 0 1 0/0 16:27 1:28 1:20
Robby Fabbri 0 1 1 -2 2 0 0 0 1 0 3/9 15:22 0:06 0:00
Sam Lafferty 0 0 0 0 0 1 2 0 0 0 2/2 10:16 0:00 2:11
Taylor Raddysh 0 0 0 1 0 3 2 0 0 0 1/1 10:37 0:06 0:00
Players Stats for Arizona Coyotes
Player Name G A P +/- PIM S H SB GA TA FO MP PP MP PK MP
------------------------------------------------------------------------------------
Brandon Tanev 0 0 0 0 0 7 2 0 0 0 0/0 7:24 0:00 0:00
Brayden McNabb 0 0 0 0 0 2 0 2 0 0 0/0 21:42 2:03 2:15
Charlie Coyle 1 0 1 -3 0 2 2 0 0 0 1/2 20:14 2:06 2:20
Claude Giroux 0 0 0 -3 2 3 2 1 0 0 12/23 19:26 2:05 2:21
Dmitry Orlov 0 0 0 -1 0 1 2 1 1 0 0/0 23:52 2:01 2:59
Erik Haula 1 0 1 2 0 5 1 0 0 0 1/1 14:51 1:58 0:00
Jakob Silfverberg 0 0 0 0 0 4 0 0 0 0 0/1 9:27 0:00 0:29
James van Riemsdyk 0 0 0 0 0 3 1 0 0 0 1/2 12:47 0:00 0:00
Jani Hakanpaa 0 0 0 -1 4 1 1 2 0 1 0/0 22:57 2:03 0:52
Jared Spurgeon 0 0 0 0 0 0 2 0 0 0 0/0 21:25 2:01 2:15
Mark Jankowski 0 0 0 0 0 0 0 0 1 0 3/3 7:24 0:00 0:00
Mason McTavish 0 0 0 0 0 0 2 0 1 1 2/4 12:20 0:00 0:00
Mats Zuccarello 0 1 1 -3 0 7 1 0 0 0 0/2 21:48 2:06 2:30
Matt Dumba 0 0 0 0 2 0 2 0 0 1 0/0 17:13 0:00 2:07
Ondrej Palat 0 0 0 0 0 1 2 0 1 1 0/1 12:31 0:00 0:00
Radko Gudas 0 0 0 0 0 1 0 0 0 0 0/0 14:26 0:00 0:00
T.J. Oshie 0 1 1 2 0 3 4 0 0 0 0/1 14:51 1:58 0:00
Tyler Seguin 0 0 0 2 0 4 1 2 0 0 10/16 18:04 1:58 2:20
3 Stars
1 - Joonas Korpisalo (VAN)
2 - Mikko Rantanen (VAN)
3 - Jesperi Kotkaniemi (VAN)
Power Play
Vancouver Canucks - 1 on 5 Attempt(s) - 20.00%
Arizona Coyotes - 0 on 3 Attempt(s) - 0.00%
Penalty Kill
Vancouver Canucks - 3 on 3 Attempt(s) - 100.00%
- Score 0 goal in Penalty Kill
Arizona Coyotes - 4 on 5 Attempt(s) - 80.00%
- Score 0 goal in Penalty Kill
Team Stat
Vancouver Canucks - Hits : 21 - Faceoff Wins : 26 - Blocked Shots : 9 - Penalty Minutes : 6
Arizona Coyotes - Hits : 25 - Faceoff Wins : 30 - Blocked Shots : 8 - Penalty Minutes : 8
Official
Referees : Graham Skiliter and Kevin Pollock
Linesman : Michel Cormier and David Brisebois
Game Notes
12:55 of 1st period - Penalty Shot by Charlie Coyle for Arizona Coyotes - Stopped by Joonas Korpisalo
Finance
Level 1 -- Attendance: 5980 (99.67%) -- Ticket Income $538,200
Level 2 -- Attendance: 4981 (99.62%) -- Ticket Income $273,955
Level 3 -- Attendance: 3000 (100.00%) -- Ticket Income $90,000
Level 4 -- Attendance: 5000 (100.00%) -- Ticket Income $100,000
Luxury Box -- Attendance: 1000 (100.00%) -- Ticket Income $190,000
Game was played at the Gila River Arena.
Total Attendance: 19961 (99.81%)
Total Ticket Income: $1,192,155
Other Income: $417,254
Total Income: $1,609,409
Vancouver Canucks
5 vs 5 Forward
Center Left Wing Right Wing Time % Phy DF OF
1 Aleksander Barkov Clayton Keller Mikko Rantanen 40 0 1 4
2 Robby Fabbri Artturi Lehkonen Kasperi Kapanen 30 1 2 2
3 Jesperi Kotkaniemi Casey Mittelstadt Taylor Raddysh 20 1 2 2
4 Noah Cates Anton Lundell Sam Lafferty 10 1 2 2
5 vs 5 Defense
Defense Defense Time % Phy DF OF
1 Adam Boqvist Miro Heiskanen 40 1 2 2
2 Jake Bean Noah Hanifin 30 1 2 2
3 Jacob Bryson Olli Maatta 20 1 2 2
4 Noah Hanifin Miro Heiskanen 10 1 2 2
PowerPlay Forward
Center Left Wing Right Wing Time % Phy DF OF
1 Jesperi Kotkaniemi Clayton Keller Mikko Rantanen 60 0 1 4
2 Casey Mittelstadt Anton Lundell Artturi Lehkonen 40 0 1 4
PowerPlay Defense
Defense Defense Time % Phy DF OF
1 Miro Heiskanen Jake Bean 60 0 1 4
2 Noah Hanifin Olli Maatta 40 0 1 4
Penalty Kill 4 Players Forward
Center Wing Time % Phy DF OF
1 Sam Lafferty Artturi Lehkonen 60 1 3 1
2 Casey Mittelstadt Anton Lundell 40 1 3 1
Penalty Kill 4 Players Defense
Defense Defense Time % Phy DF OF
1 Noah Hanifin Olli Maatta 60 1 3 1
2 Adam Boqvist Jake Bean 40 1 3 1
Penalty Kill - 3 Players Forward
Forward Time % Phy DF OF
1 Anton Lundell 60 1 3 1
2 Sam Lafferty 40 1 3 1
Penalty Kill - 3 Players Defense
Defense Defense Time % Phy DF OF
1 Noah Hanifin Olli Maatta 60 1 3 1
2 Miro Heiskanen Jake Bean 40 1 3 1
4 vs 4 Forward
Center Wing Time % Phy DF OF
1 Clayton Keller Mikko Rantanen 60 1 2 2
2 Anton Lundell Artturi Lehkonen 40 1 2 2
4 vs 4 Defense
Defense Defense Time % Phy DF OF
1 Miro Heiskanen Noah Hanifin 60 1 2 2
2 Olli Maatta Jake Bean 40 1 2 2
Last Minutes Offensive
Center Left Wing Right Wing Defense Defense
Anton Lundell Clayton Keller Mikko Rantanen Miro Heiskanen Noah Hanifin
Last Minutes Defensive
Center Left Wing Right Wing Defense Defense
Sam Lafferty Anton Lundell Artturi Lehkonen Noah Hanifin Olli Maatta
Goaltenders
Starting : Joonas Korpisalo
Backup : Ville Husso
Extra Forwards
Normal : Mikko Rantanen, Anton Lundell, Artturi Lehkonen - PP : Clayton Keller, Kasperi Kapanen - PK : Mikko Rantanen
Extra Defensemen
Normal : Jake Bean, Noah Hanifin, Olli Maatta - PP : Jake Bean - PK : Noah Hanifin, Adam Boqvist
Penalty Shots
Clayton Keller, Anton Lundell, Jesperi Kotkaniemi, Artturi Lehkonen, Mikko Rantanen
Arizona Coyotes
5 vs 5 Forward
Center Left Wing Right Wing Time % Phy DF OF
1 Claude Giroux Mats Zuccarello Charlie Coyle 35 1 2 2
2 Tyler Seguin Erik Haula T.J. Oshie 30 1 2 2
3 Mason McTavish James van Riemsdyk Ondrej Palat 25 1 2 2
4 Mark Jankowski Jakob Silfverberg Brandon Tanev 10 1 3 1
5 vs 5 Defense
Defense Defense Time % Phy DF OF
1 Brayden McNabb Jared Spurgeon 30 1 2 2
2 Jani Hakanpaa Dmitry Orlov 30 1 2 2
3 Radko Gudas Matt Dumba 25 1 3 1
4 Dmitry Orlov Jani Hakanpaa 15 1 3 1
PowerPlay Forward
Center Left Wing Right Wing Time % Phy DF OF
1 Claude Giroux Mats Zuccarello Charlie Coyle 50 1 2 2
2 Tyler Seguin Erik Haula T.J. Oshie 50 1 2 2
PowerPlay Defense
Defense Defense Time % Phy DF OF
1 Dmitry Orlov Jared Spurgeon 50 1 2 2
2 Jani Hakanpaa Brayden McNabb 50 1 2 2
Penalty Kill 4 Players Forward
Center Wing Time % Phy DF OF
1 Claude Giroux Mats Zuccarello 50 1 2 2
2 Charlie Coyle Tyler Seguin 50 1 2 2
Penalty Kill 4 Players Defense
Defense Defense Time % Phy DF OF
1 Dmitry Orlov Jani Hakanpaa 50 1 3 1
2 Jared Spurgeon Brayden McNabb 50 1 3 1
Penalty Kill - 3 Players Forward
Forward Time % Phy DF OF
1 Claude Giroux 50 1 2 2
2 Mats Zuccarello 50 1 2 2
Penalty Kill - 3 Players Defense
Defense Defense Time % Phy DF OF
1 Dmitry Orlov Jani Hakanpaa 50 1 3 1
2 Matt Dumba Radko Gudas 50 1 3 1
4 vs 4 Forward
Center Wing Time % Phy DF OF
1 Claude Giroux Mats Zuccarello 50 1 2 2
2 Charlie Coyle Tyler Seguin 50 1 2 2
4 vs 4 Defense
Defense Defense Time % Phy DF OF
1 Dmitry Orlov Jani Hakanpaa 50 1 2 2
2 Jared Spurgeon Brayden McNabb 50 1 2 2
Last Minutes Offensive
Center Left Wing Right Wing Defense Defense
Claude Giroux Mats Zuccarello Charlie Coyle Dmitry Orlov Jani Hakanpaa
Last Minutes Defensive
Center Left Wing Right Wing Defense Defense
Claude Giroux Mats Zuccarello Charlie Coyle Dmitry Orlov Jani Hakanpaa
Goaltenders
Starting : Carter Hart
Backup : Elvis Merzlikins
Extra Forwards
Normal : James van Riemsdyk, Ondrej Palat, Jakob Silfverberg - PP : James van Riemsdyk, Ondrej Palat - PK : Jakob Silfverberg
Extra Defensemen
Normal : Radko Gudas, Matt Dumba, Jared Spurgeon - PP : Radko Gudas - PK : Matt Dumba, Jared Spurgeon
Penalty Shots
Claude Giroux, Mats Zuccarello, Charlie Coyle, Tyler Seguin, Erik Haula
% Time on Ice - Vancouver Canucks
Lines # - Real PCT - Wanted PCT - Time Play
Normal Forward
1 - 33% - 40% - 16:10
2 - 30% - 30% - 15:00
3 - 21% - 20% - 10:20
4 - 16% - 10% - 7:41
Normal Defense
1 - 39% - 40% - 18:57
2 - 30% - 30% - 14:42
3 - 26% - 20% - 12:53
4 - 5% - 10% - 2:39
PP Forward
1 - 67% - 60% - 3:17
2 - 33% - 40% - 1:35
PP Defense
1 - 70% - 60% - 3:24
2 - 30% - 40% - 1:28
PK Forward
1 - 85% - 60% - 3:28
2 - 15% - 40% - 0:36
PK Defense
1 - 70% - 60% - 2:51
2 - 30% - 40% - 1:13
PK3 Forward
1 - 0% - 60%
2 - 0% - 40%
PK3 Defense
1 - 0% - 60%
2 - 0% - 40%
44 Forward
1 - 64% - 60% - 1:12
2 - 36% - 40% - 0:41
44 Defense
1 - 100% - 60% - 1:53
2 - 0% - 40% - 0:00
Last Minute Offensive - 0:00
Last Minute Defensive - 0:00
Total
Forward - 60:00
Defense - 60:00
|
% Time on Ice - Arizona Coyotes
Lines # - Real PCT - Wanted PCT - Time Play
Normal Forward
1 - 34% - 35% - 16:34
2 - 26% - 30% - 12:53
3 - 25% - 25% - 12:20
4 - 15% - 10% - 7:24
Normal Defense
1 - 31% - 30% - 15:10
2 - 31% - 30% - 15:15
3 - 27% - 25% - 13:28
4 - 11% - 15% - 5:18
PP Forward
1 - 52% - 50% - 2:06
2 - 48% - 50% - 1:58
PP Defense
1 - 50% - 50% - 2:01
2 - 50% - 50% - 2:03
PK Forward
1 - 43% - 50% - 2:04
2 - 57% - 50% - 2:42
PK Defense
1 - 53% - 50% - 2:31
2 - 47% - 50% - 2:15
PK3 Forward
1 - 86% - 50% - 0:24
2 - 14% - 50% - 0:04
PK3 Defense
1 - 100% - 50% - 0:28
2 - 0% - 50% - 0:00
44 Forward
1 - 42% - 50% - 0:38
2 - 58% - 50% - 0:53
44 Defense
1 - 67% - 50% - 1:01
2 - 33% - 50% - 0:30
Last Minute Offensive - 0:00
Last Minute Defensive - 0:00
Total
Forward - 60:00
Defense - 60:00
|
Play-by-Play
1st period
0:01 of 1st period - Claude Giroux wins face-off versus Aleksander Barkov in neutral zone.
0:04 of 1st period - Snap shot by Mats Zuccarello.
0:04 of 1st period - Deflect By Claude Giroux.
0:04 of 1st period - Stopped by Joonas Korpisalo with a rebound.
0:06 of 1st period - Slapshot by Jared Spurgeon.
0:06 of 1st period - Shot Blocked by Adam Boqvist.
0:08 of 1st period - Slapshot by Brayden McNabb.
0:08 of 1st period - Stopped by Joonas Korpisalo with a rebound.
0:10 of 1st period - Slapshot by Brayden McNabb.
0:10 of 1st period - Stopped by Joonas Korpisalo with a rebound.
0:12 of 1st period - Slapshot by Jared Spurgeon.
0:12 of 1st period - Shot Misses the Net.
0:14 of 1st period - Wrist shot by Charlie Coyle.
0:14 of 1st period - Stopped by Joonas Korpisalo with a rebound.
0:26 of 1st period - Clayton Keller is hit by Jared Spurgeon.
0:49 of 1st period - Wrist shot by Mikko Rantanen.
0:49 of 1st period - Stopped by Carter Hart without a rebound.
0:50 of 1st period - Tyler Seguin wins face-off versus Robby Fabbri in Arizona Coyotes zone.
1:58 of 1st period - Off-side.
1:59 of 1st period - James van Riemsdyk wins face-off versus Robby Fabbri in neutral zone.
3:13 of 1st period - Snap shot by Ondrej Palat.
3:13 of 1st period - Shot Misses the Net.
3:15 of 1st period - Snap shot by James van Riemsdyk.
3:15 of 1st period - Stopped by Joonas Korpisalo without a rebound.
3:16 of 1st period - Tyler Seguin wins face-off versus Aleksander Barkov in Vancouver Canucks zone.
3:19 of 1st period - Slapshot by Tyler Seguin.
3:19 of 1st period - Stopped by Joonas Korpisalo without a rebound.
3:20 of 1st period - Aleksander Barkov wins face-off versus Tyler Seguin in Vancouver Canucks zone.
3:25 of 1st period - Snap shot by Mikko Rantanen.
3:25 of 1st period - Shot Hit the Post.
4:06 of 1st period - Off-side.
4:07 of 1st period - Mark Jankowski wins face-off versus Noah Cates in neutral zone.
4:14 of 1st period - Wrist shot by Anton Lundell.
4:14 of 1st period - Stopped by Carter Hart without a rebound.
4:15 of 1st period - Tyler Seguin wins face-off versus Noah Cates in Arizona Coyotes zone.
4:45 of 1st period - Wrist shot by Brandon Tanev.
4:45 of 1st period - Stopped by Joonas Korpisalo with a rebound.
5:03 of 1st period - Noah Hanifin is hit by Jani Hakanpaa and loses puck.
5:28 of 1st period - Wrist shot by Taylor Raddysh.
5:28 of 1st period - Stopped by Carter Hart with a rebound.
5:38 of 1st period - Casey Mittelstadt is hit by James van Riemsdyk and loses puck.
5:46 of 1st period - Icing by Noah Hanifin.
5:47 of 1st period - Tyler Seguin wins face-off versus Robby Fabbri in Vancouver Canucks zone.
6:52 of 1st period - Sam Lafferty is hit by Dmitry Orlov and loses puck.
7:37 of 1st period - Wrist shot by Artturi Lehkonen.
7:37 of 1st period - Goal by Artturi Lehkonen - Vancouver Canucks : 1 - Arizona Coyotes : 0.
7:38 of 1st period - Aleksander Barkov wins face-off versus Claude Giroux in neutral zone.
7:51 of 1st period - Wrist shot by Aleksander Barkov.
7:51 of 1st period - Goal by Aleksander Barkov - Vancouver Canucks : 2 - Arizona Coyotes : 0.
7:52 of 1st period - Claude Giroux wins face-off versus Aleksander Barkov in neutral zone.
7:55 of 1st period - Miro Heiskanen is hit by Claude Giroux and loses puck.
8:04 of 1st period - Backhand shot by Mats Zuccarello.
8:04 of 1st period - Stopped by Joonas Korpisalo with a rebound.
8:06 of 1st period - Slapshot by Dmitry Orlov.
8:06 of 1st period - Deflect By Mats Zuccarello.
8:06 of 1st period - Stopped by Joonas Korpisalo with a rebound.
8:08 of 1st period - Snap shot by Jani Hakanpaa.
8:08 of 1st period - Shot Misses the Net.
8:18 of 1st period - Erik Haula is hit by Jesperi Kotkaniemi and loses puck.
8:39 of 1st period - Wrist shot by Brandon Tanev.
8:39 of 1st period - Stopped by Joonas Korpisalo with a rebound.
9:28 of 1st period - Snap shot by Erik Haula.
9:28 of 1st period - Stopped by Joonas Korpisalo with a rebound.
9:30 of 1st period - Slapshot by Radko Gudas.
9:30 of 1st period - Shot Blocked by Olli Maatta.
9:32 of 1st period - Wrist shot by Radko Gudas.
9:32 of 1st period - Stopped by Joonas Korpisalo with a rebound.
9:36 of 1st period - Snap shot by Tyler Seguin.
9:36 of 1st period - Stopped by Joonas Korpisalo with a rebound.
9:45 of 1st period - Off-side.
9:46 of 1st period - Taylor Raddysh wins face-off versus Mason McTavish in neutral zone.
9:49 of 1st period - Snap shot by Jesperi Kotkaniemi.
9:49 of 1st period - Stopped by Carter Hart without a rebound.
9:50 of 1st period - Jesperi Kotkaniemi wins face-off versus Ondrej Palat in Arizona Coyotes zone.
9:55 of 1st period - Wrist shot by Casey Mittelstadt.
9:55 of 1st period - Stopped by Carter Hart with a rebound.
10:18 of 1st period - Snap shot by Taylor Raddysh.
10:18 of 1st period - Stopped by Carter Hart without a rebound.
10:19 of 1st period - Claude Giroux wins face-off versus Aleksander Barkov in Arizona Coyotes zone.
10:19 of 1st period - Claude Giroux is hit by Mikko Rantanen.
10:45 of 1st period - Mats Zuccarello is hit by Sam Lafferty.
11:11 of 1st period - Slapshot by Tyler Seguin.
11:11 of 1st period - Stopped by Joonas Korpisalo without a rebound.
11:12 of 1st period - Aleksander Barkov wins face-off versus Tyler Seguin in Vancouver Canucks zone.
11:29 of 1st period - Wrist shot by Aleksander Barkov.
11:29 of 1st period - Shot Misses the Net.
12:31 of 1st period - Noah Hanifin is hit by Matt Dumba.
12:34 of 1st period - Off-side.
12:35 of 1st period - Tyler Seguin wins face-off versus Clayton Keller in neutral zone.
12:52 of 1st period - Snap shot by Aleksander Barkov.
12:52 of 1st period - Stopped by Carter Hart without a rebound.
12:53 of 1st period - Claude Giroux wins face-off versus Robby Fabbri in Arizona Coyotes zone.
12:55 of 1st period - Penalty Shot by Charlie Coyle for Arizona Coyotes.
12:55 of 1st period - Snap shot by Charlie Coyle.
12:55 of 1st period - Stopped by Joonas Korpisalo.
12:56 of 1st period - Charlie Coyle wins face-off versus Aleksander Barkov in Arizona Coyotes zone.
14:02 of 1st period - Casey Mittelstadt is hit by Charlie Coyle and loses puck.
15:02 of 1st period - Tyler Seguin is hit by Anton Lundell.
16:02 of 1st period - Ondrej Palat is hit by Jesperi Kotkaniemi and loses puck.
16:21 of 1st period - Mikko Rantanen is hit by T.J. Oshie and loses puck.
16:44 of 1st period - Radko Gudas is hit by Artturi Lehkonen and loses puck.
17:27 of 1st period - Casey Mittelstadt is hit by Ondrej Palat and loses puck.
17:34 of 1st period - Slapshot by Jesperi Kotkaniemi.
17:34 of 1st period - Shot Misses the Net.
17:36 of 1st period - Snap shot by Casey Mittelstadt.
17:36 of 1st period - Stopped by Carter Hart without a rebound.
17:37 of 1st period - Claude Giroux wins face-off versus Aleksander Barkov in Arizona Coyotes zone.
18:54 of 1st period - Slapshot by Jesperi Kotkaniemi.
18:54 of 1st period - Stopped by Carter Hart without a rebound.
18:55 of 1st period - Claude Giroux wins face-off versus Jesperi Kotkaniemi in Arizona Coyotes zone.
18:55 of 1st period - Claude Giroux is hit by Taylor Raddysh.
19:07 of 1st period - Slapshot by Mats Zuccarello.
19:07 of 1st period - Deflect By Claude Giroux.
19:07 of 1st period - Shot Misses the Net.
19:07 of 1st period - Puck is out of play.
19:08 of 1st period - Tyler Seguin wins face-off versus Aleksander Barkov in Vancouver Canucks zone.
19:17 of 1st period - Slapshot by Tyler Seguin.
19:17 of 1st period - Deflect By Jake Bean.
19:17 of 1st period - Shot Blocked by Clayton Keller.
19:17 of 1st period - Puck is out of play.
19:18 of 1st period - Tyler Seguin wins face-off versus Aleksander Barkov in Vancouver Canucks zone.
19:19 of 1st period - Snap shot by Erik Haula.
19:19 of 1st period - Stopped by Joonas Korpisalo with a rebound.
19:25 of 1st period - Slapshot by Erik Haula.
19:25 of 1st period - Stopped by Joonas Korpisalo without a rebound.
19:26 of 1st period - Claude Giroux wins face-off versus Clayton Keller in Vancouver Canucks zone.
Goals for this period are 2 for Vancouver Canucks vs 0 for Arizona Coyotes.
Shots for this period are 11 for Vancouver Canucks vs 16 for Arizona Coyotes.
2nd period
0:01 of 2nd period - Aleksander Barkov wins face-off versus Claude Giroux in neutral zone.
0:26 of 2nd period - Artturi Lehkonen is hit by Erik Haula and loses puck.
0:57 of 2nd period - Wrist shot by Ondrej Palat.
0:57 of 2nd period - Shot Blocked by Noah Hanifin.
1:07 of 2nd period - Wrist shot by Anton Lundell.
1:07 of 2nd period - Stopped by Carter Hart with a rebound.
1:13 of 2nd period - Snap shot by Anton Lundell.
1:13 of 2nd period - Stopped by Carter Hart without a rebound.
1:14 of 2nd period - Noah Cates wins face-off versus Claude Giroux in Arizona Coyotes zone.
1:21 of 2nd period - Wrist shot by Anton Lundell.
1:21 of 2nd period - Shot Hit the Post.
1:23 of 2nd period - Wrist shot by Noah Cates.
1:23 of 2nd period - Shot Blocked by Brayden McNabb.
1:25 of 2nd period - Slapshot by Adam Boqvist.
1:25 of 2nd period - Stopped by Carter Hart with a rebound.
1:27 of 2nd period - Backhand shot by Anton Lundell.
1:27 of 2nd period - Stopped by Carter Hart with a rebound.
1:29 of 2nd period - Snap shot by Sam Lafferty.
1:29 of 2nd period - Stopped by Carter Hart with a rebound.
1:31 of 2nd period - Slapshot by Adam Boqvist.
1:31 of 2nd period - Stopped by Carter Hart without a rebound.
1:32 of 2nd period - Tyler Seguin wins face-off versus Aleksander Barkov in Arizona Coyotes zone.
1:58 of 2nd period - Jared Spurgeon is hit by Taylor Raddysh and loses puck.
2:05 of 2nd period - Wrist shot by Tyler Seguin.
2:05 of 2nd period - Deflect By T.J. Oshie.
2:05 of 2nd period - Stopped by Joonas Korpisalo with a rebound.
2:13 of 2nd period - Wrist shot by Tyler Seguin.
2:13 of 2nd period - Stopped by Joonas Korpisalo without a rebound.
2:14 of 2nd period - Aleksander Barkov wins face-off versus Claude Giroux in Vancouver Canucks zone.
2:26 of 2nd period - Off-side.
2:27 of 2nd period - Aleksander Barkov wins face-off versus Mats Zuccarello in neutral zone.
2:38 of 2nd period - Wrist shot by Mikko Rantanen.
2:38 of 2nd period - Stopped by Carter Hart with a rebound.
3:15 of 2nd period - Icing by Brayden McNabb.
3:16 of 2nd period - Jesperi Kotkaniemi wins face-off versus Mason McTavish in Arizona Coyotes zone.
3:25 of 2nd period - Brayden McNabb is hit by Jesperi Kotkaniemi and loses puck.
4:53 of 2nd period - Slapshot by Mason McTavish.
4:53 of 2nd period - Shot Misses the Net.
5:19 of 2nd period - Snap shot by Mats Zuccarello.
5:19 of 2nd period - Stopped by Joonas Korpisalo with a rebound.
5:21 of 2nd period - Snap shot by Claude Giroux.
5:21 of 2nd period - Shot Misses the Net.
5:23 of 2nd period - Slapshot by Jani Hakanpaa.
5:23 of 2nd period - Stopped by Joonas Korpisalo without a rebound.
5:24 of 2nd period - Tyler Seguin wins face-off versus Aleksander Barkov in Vancouver Canucks zone.
5:27 of 2nd period - Wrist shot by Erik Haula.
5:27 of 2nd period - Stopped by Joonas Korpisalo without a rebound.
5:28 of 2nd period - Aleksander Barkov wins face-off versus Tyler Seguin in Vancouver Canucks zone.
5:28 of 2nd period - Aleksander Barkov is hit by Tyler Seguin.
5:36 of 2nd period - Noah Hanifin is hit by Matt Dumba.
6:23 of 2nd period - Jesperi Kotkaniemi is hit by Mason McTavish.
6:47 of 2nd period - Snap shot by Brandon Tanev.
6:47 of 2nd period - Stopped by Joonas Korpisalo with a rebound.
7:33 of 2nd period - Slapshot by Claude Giroux.
7:33 of 2nd period - Shot Misses the Net.
7:39 of 2nd period - Minor Penalty to Robby Fabbri for High sticking.
7:40 of 2nd period - Claude Giroux wins face-off versus Artturi Lehkonen in Vancouver Canucks zone.
8:28 of 2nd period - Slapshot by Anton Lundell.
8:28 of 2nd period - Shot Blocked by Brayden McNabb.
9:39 of 2nd period - Penalty to Robby Fabbri is over, Robby Fabbri is back on ice.
10:17 of 2nd period - Ondrej Palat is hit by Sam Lafferty and loses puck.
10:37 of 2nd period - Olli Maatta is hit by Ondrej Palat and loses puck.
10:48 of 2nd period - James van Riemsdyk is hit by Mikko Rantanen and loses puck.
11:31 of 2nd period - Matt Dumba is hit by Miro Heiskanen and loses puck.
11:36 of 2nd period - Slapshot by Miro Heiskanen.
11:36 of 2nd period - Shot Blocked by Tyler Seguin.
12:04 of 2nd period - Slapshot by Dmitry Orlov.
12:04 of 2nd period - Shot Blocked by Jacob Bryson.
12:06 of 2nd period - Minor Penalty to Miro Heiskanen for Holding.
12:07 of 2nd period - Sam Lafferty wins face-off versus Mats Zuccarello in Vancouver Canucks zone.
12:12 of 2nd period - Minor Penalty to Claude Giroux for Roughing.
12:13 of 2nd period - Mikko Rantanen wins face-off versus James van Riemsdyk in Arizona Coyotes zone.
12:22 of 2nd period - Snap shot by Clayton Keller.
12:22 of 2nd period - Shot Blocked by Jani Hakanpaa.
12:30 of 2nd period - Wrist shot by James van Riemsdyk.
12:30 of 2nd period - Stopped by Joonas Korpisalo with a rebound.
13:10 of 2nd period - Wrist shot by Anton Lundell.
13:10 of 2nd period - Stopped by Carter Hart without a rebound.
13:11 of 2nd period - Anton Lundell wins face-off versus Tyler Seguin in Arizona Coyotes zone.
13:22 of 2nd period - Wrist shot by Artturi Lehkonen.
13:22 of 2nd period - Shot Blocked by Tyler Seguin.
13:24 of 2nd period - Slapshot by Artturi Lehkonen.
13:24 of 2nd period - Stopped by Carter Hart with a rebound.
13:34 of 2nd period - Wrist shot by Artturi Lehkonen.
13:34 of 2nd period - Deflect By Anton Lundell.
13:34 of 2nd period - Stopped by Carter Hart with a rebound.
13:43 of 2nd period - Minor Penalty to Jani Hakanpaa for Tripping.
13:44 of 2nd period - Clayton Keller wins face-off versus Jakob Silfverberg in Arizona Coyotes zone.
14:06 of 2nd period - Penalty to Miro Heiskanen is over, Miro Heiskanen is back on ice.
14:12 of 2nd period - Penalty to Claude Giroux is over, Claude Giroux is back on ice.
14:16 of 2nd period - Mats Zuccarello is hit by Kasperi Kapanen and loses puck.
14:29 of 2nd period - Snap shot by Mikko Rantanen.
14:29 of 2nd period - Shot Misses the Net.
14:31 of 2nd period - Slapshot by Kasperi Kapanen.
14:31 of 2nd period - Shot Misses the Net.
14:33 of 2nd period - Slapshot by Jake Bean.
14:33 of 2nd period - Stopped by Carter Hart without a rebound.
14:34 of 2nd period - Casey Mittelstadt wins face-off versus Charlie Coyle in Arizona Coyotes zone.
15:22 of 2nd period - Jesperi Kotkaniemi is hit by Dmitry Orlov and loses puck.
15:43 of 2nd period - Penalty to Jani Hakanpaa is over, Jani Hakanpaa is back on ice.
17:27 of 2nd period - Artturi Lehkonen is hit by T.J. Oshie and loses puck.
18:02 of 2nd period - Charlie Coyle is hit by Mikko Rantanen.
18:06 of 2nd period - Slapshot by Dmitry Orlov.
18:06 of 2nd period - Deflect By Mats Zuccarello.
18:06 of 2nd period - Stopped by Joonas Korpisalo without a rebound.
18:07 of 2nd period - Tyler Seguin wins face-off versus Noah Cates in Vancouver Canucks zone.
18:10 of 2nd period - Wrist shot by T.J. Oshie.
18:10 of 2nd period - Stopped by Joonas Korpisalo with a rebound.
18:14 of 2nd period - Snap shot by Tyler Seguin.
18:14 of 2nd period - Shot Misses the Net.
18:16 of 2nd period - Slapshot by Brayden McNabb.
18:16 of 2nd period - Shot Misses the Net.
18:18 of 2nd period - Slapshot by Jared Spurgeon.
18:18 of 2nd period - Deflect By Tyler Seguin.
18:18 of 2nd period - Shot Misses the Net.
18:18 of 2nd period - Puck is out of play.
18:19 of 2nd period - Aleksander Barkov wins face-off versus Tyler Seguin in Vancouver Canucks zone.
19:33 of 2nd period - Wrist shot by Mark Jankowski.
19:33 of 2nd period - Shot Hit the Post.
19:35 of 2nd period - Slapshot by Radko Gudas.
19:35 of 2nd period - Deflect By Mark Jankowski.
19:35 of 2nd period - Shot Blocked by Casey Mittelstadt.
19:35 of 2nd period - Puck is out of play.
19:36 of 2nd period - Mark Jankowski wins face-off versus Artturi Lehkonen in Vancouver Canucks zone.
19:43 of 2nd period - Slapshot by Dmitry Orlov.
19:43 of 2nd period - Stopped by Joonas Korpisalo with a rebound.
19:45 of 2nd period - Slapshot by Dmitry Orlov.
19:45 of 2nd period - Deflect By Jakob Silfverberg.
19:45 of 2nd period - Shot Misses the Net.
19:45 of 2nd period - Puck is out of play.
19:46 of 2nd period - Robby Fabbri wins face-off versus Claude Giroux in Vancouver Canucks zone.
19:46 of 2nd period - Robby Fabbri is hit by Claude Giroux.
19:52 of 2nd period - Slapshot by Noah Hanifin.
19:52 of 2nd period - Shot Blocked by Jani Hakanpaa.
19:59 of 2nd period - Minor Penalty to Jani Hakanpaa for Tripping.
Goals for this period are 0 for Vancouver Canucks vs 0 for Arizona Coyotes.
Shots for this period are 11 for Vancouver Canucks vs 10 for Arizona Coyotes.
3rd period
0:01 of 3rd period - Claude Giroux wins face-off versus Jesperi Kotkaniemi in neutral zone.
0:16 of 3rd period - Wrist shot by Clayton Keller.
0:16 of 3rd period - Shot Misses the Net.
0:42 of 3rd period - Snap shot by Mikko Rantanen.
0:42 of 3rd period - Shot Blocked by Dmitry Orlov.
1:05 of 3rd period - Wrist shot by Mikko Rantanen.
1:05 of 3rd period - Stopped by Carter Hart with a rebound.
1:15 of 3rd period - Wrist shot by Clayton Keller.
1:15 of 3rd period - Goal by Clayton Keller - Vancouver Canucks : 3 - Arizona Coyotes : 0.
1:16 of 3rd period - Mason McTavish wins face-off versus Robby Fabbri in neutral zone.
1:19 of 3rd period - Slapshot by Jared Spurgeon.
1:19 of 3rd period - Shot Blocked by Kasperi Kapanen.
1:21 of 3rd period - Slapshot by Jared Spurgeon.
1:21 of 3rd period - Shot Misses the Net.
1:23 of 3rd period - Wrist shot by Jared Spurgeon.
1:23 of 3rd period - Shot Blocked by Olli Maatta.
1:29 of 3rd period - Wrist shot by James van Riemsdyk.
1:29 of 3rd period - Stopped by Joonas Korpisalo without a rebound.
1:30 of 3rd period - Robby Fabbri wins face-off versus Claude Giroux in Vancouver Canucks zone.
1:47 of 3rd period - Snap shot by Claude Giroux.
1:47 of 3rd period - Stopped by Joonas Korpisalo without a rebound.
1:48 of 3rd period - Aleksander Barkov wins face-off versus T.J. Oshie in Vancouver Canucks zone.
1:48 of 3rd period - Aleksander Barkov is hit by T.J. Oshie.
2:14 of 3rd period - Kasperi Kapanen is hit by Mason McTavish and loses puck.
2:41 of 3rd period - Wrist shot by Casey Mittelstadt.
2:41 of 3rd period - Stopped by Carter Hart with a rebound.
2:43 of 3rd period - Wrist shot by Jesperi Kotkaniemi.
2:43 of 3rd period - Shot Misses the Net.
3:19 of 3rd period - Slapshot by Noah Cates.
3:19 of 3rd period - Shot Misses the Net.
3:55 of 3rd period - Adam Boqvist is hit by Mats Zuccarello and loses puck.
4:02 of 3rd period - Snap shot by Jesperi Kotkaniemi.
4:02 of 3rd period - Deflect By Casey Mittelstadt.
4:02 of 3rd period - Goal by Casey Mittelstadt - Vancouver Canucks : 4 - Arizona Coyotes : 0.
4:03 of 3rd period - Clayton Keller wins face-off versus Claude Giroux in neutral zone.
5:01 of 3rd period - Snap shot by Jesperi Kotkaniemi.
5:01 of 3rd period - Shot Misses the Net.
5:31 of 3rd period - Brayden McNabb is hit by Mikko Rantanen and loses puck.
6:37 of 3rd period - Jacob Bryson is hit by Brandon Tanev and loses puck.
6:42 of 3rd period - Slapshot by Jakob Silfverberg.
6:42 of 3rd period - Stopped by Joonas Korpisalo without a rebound.
6:43 of 3rd period - Claude Giroux wins face-off versus Mikko Rantanen in Vancouver Canucks zone.
7:10 of 3rd period - Tyler Seguin is hit by Adam Boqvist.
8:20 of 3rd period - Wrist shot by Mats Zuccarello.
8:20 of 3rd period - Shot Misses the Net.
8:32 of 3rd period - Slapshot by Charlie Coyle.
8:32 of 3rd period - Goal by Charlie Coyle - Vancouver Canucks : 4 - Arizona Coyotes : 1.
8:33 of 3rd period - Aleksander Barkov wins face-off versus Claude Giroux in neutral zone.
8:38 of 3rd period - Wrist shot by Mikko Rantanen.
8:38 of 3rd period - Stopped by Carter Hart with a rebound.
9:05 of 3rd period - Slapshot by Erik Haula.
9:05 of 3rd period - Goal by Erik Haula - Vancouver Canucks : 4 - Arizona Coyotes : 2.
9:06 of 3rd period - Aleksander Barkov wins face-off versus Claude Giroux in neutral zone.
9:11 of 3rd period - Snap shot by Clayton Keller.
9:11 of 3rd period - Shot Misses the Net.
9:13 of 3rd period - Slapshot by Aleksander Barkov.
9:13 of 3rd period - Deflect By Mikko Rantanen.
9:13 of 3rd period - Stopped by Carter Hart without a rebound.
9:14 of 3rd period - Claude Giroux wins face-off versus Aleksander Barkov in Arizona Coyotes zone.
9:29 of 3rd period - Wrist shot by Aleksander Barkov.
9:29 of 3rd period - Deflect By Clayton Keller.
9:29 of 3rd period - Stopped by Carter Hart with a rebound.
9:31 of 3rd period - Snap shot by Clayton Keller.
9:31 of 3rd period - Stopped by Carter Hart with a rebound.
9:43 of 3rd period - Snap shot by Aleksander Barkov.
9:43 of 3rd period - Stopped by Carter Hart without a rebound.
9:44 of 3rd period - Erik Haula wins face-off versus Robby Fabbri in Arizona Coyotes zone.
9:51 of 3rd period - Snap shot by T.J. Oshie.
9:51 of 3rd period - Stopped by Joonas Korpisalo with a rebound.
10:10 of 3rd period - Ondrej Palat is hit by Noah Hanifin and loses puck.
10:15 of 3rd period - Slapshot by Taylor Raddysh.
10:15 of 3rd period - Stopped by Carter Hart without a rebound.
10:16 of 3rd period - Claude Giroux wins face-off versus Aleksander Barkov in Arizona Coyotes zone.
10:21 of 3rd period - Wrist shot by Claude Giroux.
10:21 of 3rd period - Stopped by Joonas Korpisalo with a rebound.
11:25 of 3rd period - Snap shot by Brandon Tanev.
11:25 of 3rd period - Stopped by Joonas Korpisalo without a rebound.
11:26 of 3rd period - Mark Jankowski wins face-off versus Noah Cates in Vancouver Canucks zone.
11:33 of 3rd period - Slapshot by Brandon Tanev.
11:33 of 3rd period - Deflect By Anton Lundell.
11:33 of 3rd period - Stopped by Joonas Korpisalo with a rebound.
11:35 of 3rd period - Slapshot by Brandon Tanev.
11:35 of 3rd period - Stopped by Joonas Korpisalo with a rebound.
11:37 of 3rd period - Wrist shot by Brandon Tanev.
11:37 of 3rd period - Shot Misses the Net.
11:39 of 3rd period - Snap shot by Brandon Tanev.
11:39 of 3rd period - Stopped by Joonas Korpisalo with a rebound.
11:46 of 3rd period - Minor Penalty to Olli Maatta for Interference.
11:47 of 3rd period - Sam Lafferty wins face-off versus Tyler Seguin in Vancouver Canucks zone.
13:06 of 3rd period - Artturi Lehkonen is hit by T.J. Oshie and loses puck.
13:39 of 3rd period - Adam Boqvist is hit by Charlie Coyle and loses puck.
13:46 of 3rd period - Penalty to Olli Maatta is over, Olli Maatta is back on ice.
13:56 of 3rd period - Aleksander Barkov is hit by Jared Spurgeon and loses puck.
14:18 of 3rd period - Jesperi Kotkaniemi is hit by Brandon Tanev.
15:03 of 3rd period - Brayden McNabb is hit by Adam Boqvist and loses puck.
15:16 of 3rd period - Erik Haula is hit by Kasperi Kapanen.
15:26 of 3rd period - Icing by Adam Boqvist.
15:27 of 3rd period - Robby Fabbri wins face-off versus Claude Giroux in Vancouver Canucks zone.
15:38 of 3rd period - Wrist shot by Anton Lundell.
15:38 of 3rd period - Shot Blocked by Claude Giroux.
15:40 of 3rd period - Wrist shot by Anton Lundell.
15:40 of 3rd period - Stopped by Carter Hart with a rebound.
15:42 of 3rd period - Slapshot by Adam Boqvist.
15:42 of 3rd period - Stopped by Carter Hart without a rebound.
15:43 of 3rd period - Mason McTavish wins face-off versus Jesperi Kotkaniemi in Arizona Coyotes zone.
15:58 of 3rd period - Wrist shot by Ondrej Palat.
15:58 of 3rd period - Stopped by Joonas Korpisalo with a rebound.
16:26 of 3rd period - Minor Penalty to Matt Dumba for Hooking.
16:27 of 3rd period - Jesperi Kotkaniemi wins face-off versus Claude Giroux in Arizona Coyotes zone.
17:25 of 3rd period - Charlie Coyle is hit by Mikko Rantanen and loses puck.
18:26 of 3rd period - Penalty to Matt Dumba is over, Matt Dumba is back on ice.
18:30 of 3rd period - Jakob Silfverberg is hit by Kasperi Kapanen and loses puck.
18:51 of 3rd period - Slapshot by Jakob Silfverberg.
18:51 of 3rd period - Stopped by Joonas Korpisalo with a rebound.
18:53 of 3rd period - Wrist shot by Jakob Silfverberg.
18:53 of 3rd period - Stopped by Joonas Korpisalo with a rebound.
18:55 of 3rd period - Slapshot by Jakob Silfverberg.
18:55 of 3rd period - Shot Blocked by Olli Maatta.
18:57 of 3rd period - Slapshot by Mats Zuccarello.
18:57 of 3rd period - Stopped by Joonas Korpisalo with a rebound.
18:59 of 3rd period - Wrist shot by Mats Zuccarello.
18:59 of 3rd period - Stopped by Joonas Korpisalo with a rebound.
19:31 of 3rd period - Wrist shot by Mats Zuccarello.
19:31 of 3rd period - Stopped by Joonas Korpisalo with a rebound.
19:43 of 3rd period - Slapshot by Jakob Silfverberg.
19:43 of 3rd period - Stopped by Joonas Korpisalo with a rebound.
Goals for this period are 2 for Vancouver Canucks vs 2 for Arizona Coyotes.
Shots for this period are 12 for Vancouver Canucks vs 18 for Arizona Coyotes.
Back to the Top